 Dungeon Crawl Stone Soup version 0.30-a0-122-g2a1322497e (webtiles) character file.

Game seed: 8477082584221674772

84 MirrMurr the Shooter (level 4, 0/22 HPs)
             Began as a Spriggan Hunter on Sept 15, 2022.
             Slain by a water moccasin zombie (5 damage)
             ... in an ossuary.
             The game lasted 00:02:07 (773 turns).

MirrMurr the Shooter (Spriggan Hunter)               Turns: 773, Time: 00:02:08

Health: 0/22       AC:  2    Str:  7    XL:     4   Next: 24%
Magic:  5/5        EV: 19    Int: 10    God:
Gold:   91         SH:  0    Dex: 20    Spells: 3/3 levels left

rFire   . . .      SeeInvis +    a - +0 shortbow
rCold   . . .      Faith    .    (shield currently unavailable)
rNeg    . . .      Spirit   .    c - +0 robe
rPois   .          Reflect  .    (helmet restricted)
rElec   .          Harm     .    (no cloak)
rCorr   .          Rampage  .    (gloves unavailable)
Will    .....                    (boots unavailable)
Stlth   +++.......               (no amulet)
HPRegen 0.07/turn                (no ring)
MPRegen 0.09/turn                (no ring)

@: very quick
A: very small, no large weapons, unfitting armour, see invisible, speed 3
a: no special abilities


You were in an ossuary.
You visited 1 branch of the dungeon, and saw 4 of its levels.
You also visited: Ossuary.

You collected 91 gold pieces.

Inventory:

Hand Weapons
 a - a +0 shortbow (weapon)
Missiles
 i - 12 stones
Armour
 c - a +0 robe (worn)
Scrolls
 b - a scroll of immolation
 e - a scroll of amnesia {unknown}
 h - 2 scrolls of identify {unknown}
 j - a scroll of enchant weapon {unknown}
 k - a scroll of summoning {unknown}
 l - a scroll of noise {unknown}
Potions
 d - a potion of might {unknown}
 f - a potion of mutation {unknown}
 g - 2 potions of heal wounds {unknown}


   Skills:
 - Level 1.5 Fighting
 * Level 5.0 Ranged Weapons
 + Level 3.7 Dodging
 + Level 3.4 Stealth


You had 3 spell levels left.
You didn't know any spells.
Your spell library contained the following spells:

 Spells                   Type           Power      Damage    Failure   Level
 Ensorcelled Hibernation  Hex/Ice        0%         N/A       50%         2
 Passwall                 Tmut/Erth      0%         N/A       50%         2
 Swiftness                Air            0%         N/A       75%         3


Dungeon Overview and Level Annotations

Branches:
Dungeon (4/15)            Ossuary (1/1)
 Temple: D:4-7

Altars:
The Shining One


Innate Abilities, Weirdness & Mutations

You are very small and have problems with some larger weapons.
You are too small for most types of armour.
You have supernaturally acute eyesight. (SInv)
You cover ground extremely quickly. (Speed+++)


Message History

You shoot an arrow. The arrow hits the mummy!
The mummy is almost destroyed.
You shoot an arrow. The arrow barely misses the mummy.
The mummy barely misses you.
You shoot an arrow. The arrow hits the mummy.
You destroy the mummy!
Your Ranged Weapons skill increases to level 5!
No target in view!
No target in view!
As you open the door, it creaks loudly!
A water moccasin zombie comes into view.
You shoot an arrow.
The arrow hits the water moccasin zombie!
The water moccasin zombie is moderately damaged.
The water moccasin zombie bites you.
You shoot an arrow.
The arrow hits the water moccasin zombie!
The water moccasin zombie is heavily damaged.
The water moccasin zombie bites you!
The water moccasin zombie barely misses you.
You shoot an arrow.
The arrow closely misses the water moccasin zombie.
The water moccasin zombie misses you.
You shoot an arrow.
The arrow hits the water moccasin zombie!
The water moccasin zombie is severely damaged.
The water moccasin zombie bites you!
* * * LOW HITPOINT WARNING * * *
The water moccasin zombie completely misses you.
You are too injured to fight recklessly!
You are too injured to fight recklessly!
You are too injured to fight recklessly!
You are too injured to fight recklessly!
Fire: a) +0 shortbow
Press: ? - help, Q - select action, (/) - cycle Shift-Dir - straight line, f/p - water moccasin zombie
Aim: a water moccasin zombie (severely damaged, 64% to hit)
You shoot an arrow.
The arrow closely misses the water moccasin zombie.
The water moccasin zombie bites you.
You die...

#. +. #.#####
+.#..∩#
#.#.∩.#
+.#...#
###.##'##+##+#
#.'.@..~~..~..
###Z#+#+#~#~#.
#. # ##


You could see a water moccasin zombie.

Vanquished Creatures
  2 mummies
  An adder (D:3)
  A gnoll (D:1)
  A worm (D:2)
  2 dart slugs
  5 orcs
  4 endoplasms
  A giant cockroach (D:1)
  5 goblins
  A quokka (D:4)
  3 ball pythons
  2 bats
  A frilled lizard (D:3)
  2 kobolds (D:3)
  A rat (D:1)
32 creatures vanquished.

Vanquished Creatures (others)
  A withered plant (Ossuary)
1 creature vanquished.

Grand Total: 33 creatures vanquished

Notes
Turn   | Place    | Note
-------+----------+-------------------------------------------
     0 | D:1      | MirrMurr the Spriggan Hunter began the quest for the Orb.
     0 | D:1      | Reached XP level 1. HP: 10/10 MP: 2/2
     8 | D:1      | Found a faded altar of an unknown god.
   150 | D:1      | Reached XP level 2. HP: 14/14 MP: 3/3
   421 | D:2      | Reached XP level 3. HP: 18/18 MP: 4/4
   666 | D:4      | Found a glowing golden altar of the Shining One.
   742 | D:4      | Found a sand-covered staircase.
   751 | D:4      | Reached XP level 4. HP: 22/22 MP: 5/5
   756 | Ossuary  | Entered an ossuary
   768 | Ossuary  | Reached skill level 5 in Ranged Weapons
   773 | Ossuary  | Slain by a water moccasin zombie

Illustrated notes

Levels and vault maps discovered:
D:1:      heliophobic_arrival_enchanted_forest, layout_basic,
          dreamdust_ecumenical_altar_grove, minmay_crystal_water,
          minmay_misc_feat_diagonals
D:2:      layout_basic, serial_shops, nicolae_shop_bloodbath_and_beyond,
          minmay_pentomino_q2
D:3:      minmay_goblin_kobold_castle, layout_basic, grunt_dithmenos_smoke,
          mainiacjoe_overflow_small_starburst, cheibriados_altar_1,
          uniq_terence, uniq_jessica
D:4:      layout_basic, fedhas_ov_isle_minmay, nicolae_overflow_crystal_walls,
          gup_ossuary_entry_pyramid
Ossuary:  ossuary_zaba_flooded

Skill      XL: |  1  2  3  4 |
---------------+-------------+-----
Stealth        | 2 3 |  3.4
Dodging        | 3 |  3.7
Ranged Weapons | 5 |  5.0
Fighting       | |  1.5

Action                   |  1- 3 |  4- 6 || total
-------------------------+-------+-------++-------
 Fire: Shortbow          |    79 |    10 ||    89
Armor: Robe              |     4 |       ||     4
Dodge: Dodged            |    24 |     4 ||    28

Table legend: (Time is in decaauts)
 A = Elapsed time spent in this place.
 B = Non-inter-level travel time spent in this place.
 C = Inter-level travel time spent in this place.
 D = Time resting spent in this place.
 E = Time spent auto-exploring this place.
 F = Levels seen in this place.
 G = Mean time per level.
                   A        B        C        D        E       F      G
               +--------+--------+--------+--------+--------+-----+--------+
         Total |    575 |    524 |     51 |      0 |    312 |   5 |  115.0 |
       Dungeon |    558 |    507 |     51 |      0 |    312 |   4 |  139.5 |
       Ossuary |     16 |     16 |      0 |      0 |      0 |   1 |   16.0 |
               +--------+--------+--------+--------+--------+-----+--------+

Top non-repeatable levels by time:
     D:1: 258 daAuts
     D:3: 169 daAuts
     D:4: 87 daAuts
     D:2: 42 daAuts
 Ossuary: 16 daAuts
